 Dungeon Crawl Stone Soup version 0.27.1-1-g398f81649c (webtiles) character file.

Game seed: 12284752326632943545

63 pokedragonboy the Ruffian (level 4, -5/39 HPs)
             Began as a Naga Transmuter on Sept 11, 2021.
             Slain by a gnoll (6 damage)
             ... on level 3 of the Dungeon.
             The game lasted 00:09:20 (3159 turns).

pokedragonboy the Ruffian (Naga Transmuter)         Turns: 3159, Time: 00:09:21

Health: -5/39      AC:  3    Str: 13    XL:     4   Next: 9%
Magic:  6/7        EV:  9    Int: 14    God:
Gold:   125        SH:  0    Dex: 11    Spells: 1/7 levels left

rFire    . . .     SeeInvis +     - Unarmed
rCold    . . .     Faith    .   (no shield)
rNeg     . . .     Spirit   .   a - +0 robe
rPois    +         Reflect  .   (helmet currently unavailable)
rElec    .         Harm     .   (no cloak)
rCorr    .         Rampage  .   h - +0 pair of gloves
Will     .....                  (no barding)
Stlth    +.........             (no amulet)
HPRegen  0.13/turn              (no ring)
MPRegen  0.10/turn              (no ring)

@: appendages, very slow
A: horns 2, AC +1, large, see invisible, deformed body, poison resistance,
slowness 2, spit poison 1, naga tail 1
a: Spit Poison, End Transformation


You were on level 3 of the Dungeon.
You had temporarily grown beastly horns.
You visited 1 branch of the dungeon, and saw 3 of its levels.

You collected 125 gold pieces.

Inventory:

Armour
 a - a +0 robe (worn)
 h - a +0 pair of gloves (worn)
 m - a +0 ring mail
Jewellery
 j - a ring of fire
Scrolls
 b - a scroll of acquirement
 c - 2 scrolls of identify
 e - 2 scrolls of enchant weapon {unknown}
 f - a scroll of fear {unknown}
 l - a scroll of enchant armour {unknown}
Potions
 d - 2 potions of curing
 g - a potion of berserk rage {unknown}
 i - a potion of lignification {unknown}
 k - a potion of attraction {unknown}


   Skills:
 + Level 1.9 Fighting
 + Level 0.0 Armour
 - Level 1.5 Dodging
 + Level 3.3 Unarmed Combat
 + Level 2.4 Spellcasting
 * Level 3.0 Transmutations
 - Level 1.0 Poison Magic


You had one spell level left.
You knew the following spells:

 Your Spells              Type           Power      Damage    Failure   Level
a - Beastly Appendage     Tmut           20%        N/A       7%          1
b - Wereblood             Tmut           10%        N/A       10%         2
c - Spider Form           Tmut/Pois      3%         N/A       30%         3

Your spell library contained the following spells:

 Spells                   Type           Power      Damage    Failure   Level
 Slow                     Hex            1%         N/A       34%         2
 Confusing Touch          Hex            1%         N/A       56%         3
 Vampiric Draining        Necr           0%         2d6       56%         3
 Ice Form                 Ice/Tmut       5%         N/A       77%         4


Dungeon Overview and Level Annotations

Branches:
Dungeon (3/15)

Altars:

Shops:
D:3 ?


Innate Abilities, Weirdness & Mutations

You have temporarily grown beastly horns.
Your serpentine skin is tough. (AC +1)
You have supernaturally acute eyesight. (SInv)
Armour fits poorly on your strangely shaped body.
Your system is resistant to poisons. (rPois)
You cover ground very slowly.
You can spit poison.
You have a snake-like lower body.


Message History

The gnoll shouts!
You hear a shout!
A gnoll comes into view. It is wielding a +0 spear.
Casting: Beastly Appendage (safe; 7% risk of failure)
Confirm with . or Enter, or press ? or * to list all spells.
Your blood is infused with primal strength.
The gnoll shouts!
You hear a shout!
A gnoll comes into view. It is wielding a +0 spear.
Okay, then.
The gnoll hits you from afar with a +0 halberd!
The gnoll barely misses you.
A gnoll comes into view. It is wielding a +0 spear.
The gnoll hits you from afar with a +0 halberd!
Your transformation is almost over.
The gnoll closely misses you.
The gnoll hits you from afar with a +0 spear.
There is an entrance to Oshegehi's Magic Scroll Shoppe here.
Your horns disappear.
Your primal bloodlust is almost over.
Casting: Wereblood (safe; 10% risk of failure)
Confirm with . or Enter, or press ? or * to list all spells.
You grow a pair of large bovine horns.
Your primal bloodlust has ended.
The gnoll closely misses you.
You feel better. The gnoll barely misses you. The gnoll closely misses you.
The gnoll hits you with a +0 halberd! The gnoll barely misses you.
Number of times to repeat, then command key: You must enter the number of times for the command to repeat.
You hit the gnoll.
The gnoll is lightly wounded.
The gnoll barely misses you.
The gnoll hits you from afar with a +0 spear.
* * * LOW HITPOINT WARNING * * *
You hit the gnoll but do no damage.
You headbutt the gnoll, but do no damage.
The gnoll is lightly wounded.
The gnoll hits you with a +0 halberd!
* * * LOW HITPOINT WARNING * * *
The gnoll hits you from afar with a +0 spear.
You die...

#.#.......# #..∩..#
#.######...###.#.###
#.#######...#.....#
#.......##......#.#
########.##.(g#.#.#
#..##...g..#
##..#####g###
#...#####g#
#.......@.#
#...####### #...#
#...# #...# #...#
..... ......


You could see 3 gnolls.

Vanquished Creatures
  2 dart slugs
  6 bats
  3 endoplasms
  10 giant cockroaches (D:2)
  5 hobgoblins
  3 jackals (D:2)
  8 kobolds
  4 quokkas
  5 ball pythons
  3 frilled lizards
  A goblin (D:1)
  3 rats
53 creatures vanquished.

Notes
Turn   | Place    | Note
-------+----------+-------------------------------------------
     0 | D:1      | pokedragonboy the Naga Transmuter began the quest for the
                  | Orb.
     0 | D:1      | Reached XP level 1. HP: 18/18 MP: 3/3
   279 | D:1      | Identified a scroll of acquirement
   300 | D:1      | Reached XP level 2. HP: 16/25 MP: 1/5
   421 | D:1      | Learned a level 2 spell: Wereblood
  1551 | D:1      | Reached XP level 3. HP: 31/31 MP: 4/6
  1607 | D:1      | Learned a level 3 spell: Spider Form
  2761 | D:2      | Reached skill level 1 in Poison Magic
  2761 | D:2      | Reached XP level 4. HP: 39/39 MP: 3/7
  3086 | D:3      | Found a faded altar of an unknown god.
  3122 | D:3      | Found Oshegehi's Magic Scroll Shoppe.
  3159 | D:3      | HP: 1/39 [gnoll (8)]
  3159 | D:3      | Slain by a gnoll

Illustrated notes

Levels and vault maps discovered:
D:1:      evilmike_arrival_home_sweet_home, layout_loops_ring, serial_glass,
          glass_columns_a, glass_columns_b
D:2:      minmay_roachtagon, layout_basic, minmay_misc_feat_tiny
D:3:      layout_loops_cross, hellmonk_ecumenical_altar_crossroads,
          serial_shops, nicolae_shop_crystal, minmay_three_crescents

Skill      XL: |  1  2  3  4 |
---------------+-------------+-----
Poison Magic   | 1 |  1.0
Transmutations | 3 |  3.0
Fighting       | |  1.9
Dodging        | |  1.5
Unarmed Combat | |  3.3
Spellcasting   | |  2.4

Action                   |  1- 3 |  4- 6 || total
-------------------------+-------+-------++-------
Melee: Unarmed           |   167 |    14 ||   181
       Headbutt          |    15 |     1 ||    16
       Punch             |     1 |       ||     1
 Cast: Beastly Appendage |    32 |     5 ||    37
       Wereblood         |     3 |     1 ||     4
 Abil: Spit Poison       |     5 |       ||     5
  Use: Scroll            |     2 |       ||     2
       Potion            |       |     1 ||     1
Armor: Robe              |    42 |     3 ||    45
Dodge: Dodged            |   101 |    12 ||   113
